Workbook

Sheet Info
B1: LIBRO FISCAL DE OPERACIONES DIARIAS
B2: Forma de diligenciarlo
B5: Requisitos del libro fiscal
B7: El artículo 616 del estatuto tributario señala que el libro fiscal se debe llevar en cumplimiento de las siguientes condiciones y requisitos:
B9: 1.- Identificar el contribuyente
B11: 2.- Estar debidamente foliado
B13: 3.- Anotar diariamente las operaciones, ya sean en forma global o discriminada
B15: 4.- Totalizar cada mes lo pagado en bienes y servicios
B17: 5.- Totalizar cada mes los ingresos obtenidos
B19: Sanciones por no presentar el libro fiscal
B21: El artículo 616 que impone la obligación de llevar el libro fiscal de operaciones diarias a los responsables del régimen simplificado, señala lo siguiente en su inciso segundo:
B23: «Este libro fiscal deberá reposar en el establecimiento de comercio y la no presentación del mismo al momento que lo requiera la administración, o la constatación del atraso, dará lugar a la aplicación de las sanciones y procedimientos contemplados en el artículo 652, pudiéndose establecer tales hechos mediante el método señalado en el artículo 653.»
... B29: En esta hoja podrá observar el cuadro resumen por cada mes de los ingresos, compras y gastos, valores que se van alimentando automáticamente, en la medida en que realice el ingreso de los datos por cada uno de los meses

Sheet Portada
L1: Valor UVT 2026 | M1: 52374
L2: ¿Cómo va mi negocio?
B3: RESPONSABILIDAD - NO RESPONSABLE DE IVA | L3: Mes | M3: Ingresos | P3: Compras | S3: Gastos | T3: Saldo
M4: Ingresos Gravados | N4: Ingresos Excluidos | O4: Total Ingresos | P4: Compras Gravadas | Q4: Compras Excluidas | R4: Total Compras | S4: Total Gastos | T4: =+Ene!K9 -> 0
L5: Enero | M5: =+Ene!D44 -> 0 | N5: =+Ene!E44 -> 0 | O5: =+M5+N5 -> 0 | P5: =+Ene!G44 -> 0 | Q5: =+Ene!H44 -> 0 | R5: =+P5+Q5 -> 0 | S5: =+Ene!J44 -> 0 | T5: =+T4+O5-R5-S5 -> 0
B6: LIBRO FISCAL DE REGISTRO DE OPERACIONES DIARIAS | L6: Febrero | M6: =+Feb!D44 -> 0 | N6: =+Feb!E44 -> 0 | O6: =+M6+N6 -> 0 | P6: =+Feb!G44 -> 0 | Q6: =+Feb!H44 -> 0 | R6: =+P6+Q6 -> 0 | S6: =+Feb!J44 -> 0 | T6: =+T5+O6-R6-S6 -> 0
L7: Marzo | M7: =+Mar!D44 -> 0 | N7: =+Mar!E44 -> 0 | O7: =+M7+N7 -> 0 | P7: =+Mar!G44 -> 0 | Q7: =+Mar!H44 -> 0 | R7: =+P7+Q7 -> 0 | S7: =+Mar!J44 -> 0 | T7: =+T6+O7-R7-S7 -> 0
D8: NO. | E8: 1 | L8: Abril | M8: =+Abr!D44 -> 0 | N8: =+Abr!E44 -> 0 | O8: =+M8+N8 -> 0 | P8: =+Abr!G44 -> 0 | Q8: =+Abr!H44 -> 0 | R8: =+P8+Q8 -> 0 | S8: =+Abr!J44 -> 0 | T8: =+T7+O8-R8-S8 -> 0
L9: Mayo | M9: =+May!D44 -> 0 | N9: =+May!E44 -> 0 | O9: =+M9+N9 -> 0 | P9: =+May!G44 -> 0 | Q9: =+May!H44 -> 0 | R9: =+P9+Q9 -> 0 | S9: =+May!J44 -> 0 | T9: =+T8+O9-R9-S9 -> 0
L10: Junio | M10: =+Jun!D44 -> 0 | N10: =+Jun!E44 -> 0 | O10: =+M10+N10 -> 0 | P10: =+Jun!G44 -> 0 | Q10: =+Jun!H44 -> 0 | R10: =+P10+Q10 -> 0 | S10: =+Jun!J44 -> 0 | T10: =+T9+O10-R10-S10 -> 0
L11: Julio | M11: =+Jul!D44 -> 0 | N11: =+Jul!E44 -> 0 | O11: =+M11+N11 -> 0 | P11: =+Jul!G44 -> 0 | Q11: =+Jul!H44 -> 0 | R11: =+P11+Q11 -> 0 | S11: =+Jul!J44 -> 0 | T11: =+T10+O11-R11-S11 -> 0
B12: Nombre comercial | L12: Agosto | M12: =+Ago!D44 -> 0 | N12: =+Ago!E44 -> 0 | O12: =+M12+N12 -> 0 | P12: =+Ago!G44 -> 0 | Q12: =+Ago!H44 -> 0 | R12: =+P12+Q12 -> 0 | S12: =+Ago!J44 -> 0 | T12: =+T11+O12-R12-S12 -> 0
L13: Septiembre | M13: =+Sep!D44 -> 0 | N13: =+Sep!E44 -> 0 | O13: =+M13+N13 -> 0 | P13: =+Sep!G44 -> 0 | Q13: =+Sep!H44 -> 0 | R13: =+P13+Q13 -> 0 | S13: =+Sep!J44 -> 0 | T13: =+T12+O13-R13-S13 -> 0
L14: Octubre | M14: =+Oct!D44 -> 0 | N14: =+Oct!E44 -> 0 | O14: =+M14+N14 -> 0 | P14: =+Oct!G44 -> 0 | Q14: =+Oct!H44 -> 0 | R14: =+P14+Q14 -> 0 | S14: =+Oct!J44 -> 0 | T14: =+T13+O14-R14-S14 -> 0
L15: Noviembre | M15: =+Nov!D44 -> 0 | N15: =+Nov!E44 -> 0 | O15: =+M15+N15 -> 0 | P15: =+Nov!G44 -> 0 | Q15: =+Nov!H44 -> 0 | R15: =+P15+Q15 -> 0 | S15: =+Nov!J44 -> 0 | T15: =+T14+O15-R15-S15 -> 0
B16: Nombres y apellidos del propietario | L16: Diciembre | M16: =+Dic!D44 -> 0 | N16: =+Dic!E44 -> 0 | O16: =+M16+N16 -> 0 | P16: =+Dic!G44 -> 0 | Q16: =+Dic!H44 -> 0 | R16: =+P16+Q16 -> 0 | S16: =+Dic!J44 -> 0 | T16: =+T15+O16-R16-S16 -> 0
L17: Totales año | M17: =SUM(M5:M16) -> 0 | N17: =SUM(N5:N16) -> 0 | O17: =SUM(O5:O16) -> 0 | P17: =SUM(P5:P16) -> 0 | Q17: =SUM(Q5:Q16) -> 0 | R17: =SUM(R5:R16) -> 0 | S17: =SUM(S5:S16) -> 0 | T17: =+T4+O17+R17+S17 -> 0
L18: =IF((M17/M1)>=3500,"Revise si pasó a ser responsable del Iva","")
B20: Nit del propietario
L21: REQUISITOS PARA OPERAR COMO NO RESPONSABLE DE IVA
D22: =YEAR(TODAY()) -> 2026 | L22: Ventas hasta 3500 UVT año
D23: PERIODO | L23: Solo debe funcionar con un establecimiento de comercio
L24: El monto de consignaciones bancarias, del año anterior, no debe exceder 3500 UVT
L25: No puede desarrollar actividades bajo franquicia
L26: No responsable de IVA
B28: Código: | F28: Código:
B29: Actividad económica principal | F29: Actividad económica secundaria | L29: NOTAS A TENER EN CUENTA
L31: El Libro Fiscal de Operaciones Diarias, solo debe ser diligenciado por
L32: personas naturales que estén clasificadas como NO responsables de IVA
B33: Dirección del establecimiento de comercio
L34: Para el año 2026 la "UVT" Unidad de Valor Tributaria tiene un valor de $52,374
N35: Valor referencia responsabilidad en impuesto a las ventas (IVA) 2025 por ingresos | P35: UVT
P36: 3500 | Q36: =+P36*M1 -> 183309000
B38: Nota: Esta INFORMACION debe ser tomada del RUT o del régistro mercantíl

Sheet Ene
B1: LIBRO FISCAL DE OPERACIONES DIARIAS
B2: =+Portada!B11 -> 0
B3: =+Portada!B15 -> 0
B4: Nit: | C4: =+Portada!D19 -> 0
D6: AÑO | G6: =+Portada!D22 -> 2026 | J6: MES | K6: ENERO
J7: Folio | K7: 1 de 12
J9: Saldo inicial
D10: INGRESOS (Ventas) | G10: COMPRAS | J10: GASTOS
B11: DÍA | C11: CONCEPTOS DIARIOS | D11: Ventas Gravadas | E11: Ventas Excluidas | F11: Total Ventas | G11: Compras Gravadas | H11: Compras Excluidas | I11: Total Compras | J11: Gastos | K11: SALDO
B12: 1 | F12: =+D12+E12 -> 0 | I12: =+G12+H12 -> 0 | K12: =+K9+F12-I12-J12 -> 0
B13: =B12+1 -> 2 | E13: 0 | F13: =+D13+E13 -> 0 | H13: 0 | I13: =+G13+H13 -> 0 | K13: =+K12+F13-I13 -> 0
B14: =B13+1 -> 3 | F14: =+D14+E14 -> 0 | I14: =+G14+H14 -> 0 | K14: =+K13+F14-I14 -> 0
B15: =B14+1 -> 4 | F15: =+D15+E15 -> 0 | I15: =+G15+H15 -> 0 | K15: =+K14+F15-I15 -> 0
B16: =B15+1 -> 5 | F16: =+D16+E16 -> 0 | I16: =+G16+H16 -> 0 | K16: =+K15+F16-I16 -> 0
B17: =B16+1 -> 6 | F17: =+D17+E17 -> 0 | I17: =+G17+H17 -> 0 | K17: =+K16+F17-I17 -> 0
B18: =B17+1 -> 7 | F18: =+D18+E18 -> 0 | I18: =+G18+H18 -> 0 | K18: =+K17+F18-I18 -> 0
B19: =B18+1 -> 8 | F19: =+D19+E19 -> 0 | I19: =+G19+H19 -> 0 | K19: =+K18+F19-I19 -> 0
B20: =B19+1 -> 9 | F20: =+D20+E20 -> 0 | I20: =+G20+H20 -> 0 | K20: =+K19+F20-I20 -> 0
B21: =B20+1 -> 10 | F21: =+D21+E21 -> 0 | I21: =+G21+H21 -> 0 | K21: =+K20+F21-I21 -> 0
B22: =B21+1 -> 11 | F22: =+D22+E22 -> 0 | I22: =+G22+H22 -> 0 | K22: =+K21+F22-I22 -> 0
B23: =B22+1 -> 12 | F23: =+D23+E23 -> 0 | I23: =+G23+H23 -> 0 | K23: =+K22+F23-I23 -> 0
B24: =B23+1 -> 13 | F24: =+D24+E24 -> 0 | I24: =+G24+H24 -> 0 | K24: =+K23+F24-I24 -> 0
B25: =B24+1 -> 14 | F25: =+D25+E25 -> 0 | I25: =+G25+H25 -> 0 | K25: =+K24+F25-I25 -> 0
... B42: =B41+1 -> 31 | F42: =+D42+E42 -> 0 | I42: =+G42+H42 -> 0 | K42: =+K41+F42-I42 -> 0
C44: TOTALES | D44: =SUM(D12:D42) -> 0 | E44: =SUM(E12:E42) -> 0 | F44: =SUM(F12:F42) -> 0 | G44: =SUM(G12:G42) -> 0 | H44: =SUM(H12:H42) -> 0 | I44: =SUM(I12:I42) -> 0 | J44: =SUM(J12:J42) -> 0

Sheet Feb
B1: LIBRO FISCAL DE OPERACIONES DIARIAS
B2: =+Portada!B11 -> 0
B3: =+Portada!B15 -> 0
B4: Nit: | C4: =+Portada!D19 -> 0
D6: AÑO | G6: =+Portada!D22 -> 2026 | J6: MES | K6: FEBRERO
J7: Folio | K7: 2 de 12
J9: Saldo inicial | K9: =+Ene!K42 -> 0
D10: INGRESOS (Ventas) | G10: COMPRAS | J10: GASTOS
B11: DÍA | C11: CONCEPTOS DIARIOS | D11: Ventas Gravadas | E11: Ventas Excluidas | F11: Total Ventas | G11: Compras Gravadas | H11: Compras Excluidas | I11: Total Compras | J11: Gastos | K11: SALDO
B12: 1 | F12: =+D12+E12 -> 0 | I12: =+G12+H12 -> 0 | K12: =+K9+F12-I12-J12 -> 0
B13: =B12+1 -> 2 | F13: =+D13+E13 -> 0 | I13: =+G13+H13 -> 0 | K13: =+K12+D13-G13-J13 -> 0
B14: =B13+1 -> 3 | F14: =+D14+E14 -> 0 | I14: =+G14+H14 -> 0 | K14: =+K13+D14-G14-J14 -> 0
B15: =B14+1 -> 4 | F15: =+D15+E15 -> 0 | I15: =+G15+H15 -> 0 | K15: =+K14+D15-G15-J15 -> 0
B16: =B15+1 -> 5 | F16: =+D16+E16 -> 0 | I16: =+G16+H16 -> 0 | K16: =+K15+D16-G16-J16 -> 0
B17: =B16+1 -> 6 | F17: =+D17+E17 -> 0 | I17: =+G17+H17 -> 0 | K17: =+K16+D17-G17-J17 -> 0
B18: =B17+1 -> 7 | F18: =+D18+E18 -> 0 | I18: =+G18+H18 -> 0 | K18: =+K17+D18-G18-J18 -> 0
B19: =B18+1 -> 8 | F19: =+D19+E19 -> 0 | I19: =+G19+H19 -> 0 | K19: =+K18+D19-G19-J19 -> 0
B20: =B19+1 -> 9 | F20: =+D20+E20 -> 0 | I20: =+G20+H20 -> 0 | K20: =+K19+D20-G20-J20 -> 0
B21: =B20+1 -> 10 | F21: =+D21+E21 -> 0 | I21: =+G21+H21 -> 0 | K21: =+K20+D21-G21-J21 -> 0
B22: =B21+1 -> 11 | F22: =+D22+E22 -> 0 | I22: =+G22+H22 -> 0 | K22: =+K21+D22-G22-J22 -> 0
B23: =B22+1 -> 12 | F23: =+D23+E23 -> 0 | I23: =+G23+H23 -> 0 | K23: =+K22+D23-G23-J23 -> 0
B24: =B23+1 -> 13 | F24: =+D24+E24 -> 0 | I24: =+G24+H24 -> 0 | K24: =+K23+D24-G24-J24 -> 0
... B42: =B41+1 -> 31 | F42: =+D42+E42 -> 0 | I42: =+G42+H42 -> 0 | K42: =+K41+D42-G42-J42 -> 0
C44: TOTALES | D44: =SUM(D12:D42) -> 0 | E44: =SUM(E12:E42) -> 0 | F44: =SUM(F12:F42) -> 0 | G44: =SUM(G12:G42) -> 0 | H44: =SUM(H12:H42) -> 0 | I44: =SUM(I12:I42) -> 0 | J44: =SUM(J12:J42) -> 0

Sheet Mar
B1: LIBRO FISCAL DE OPERACIONES DIARIAS
B2: =+Portada!B11 -> 0
B3: =+Portada!B15 -> 0
B4: Nit: | C4: =+Portada!D19 -> 0
D6: AÑO | G6: =+Portada!D22 -> 2026 | J6: MES | K6: MARZO
J7: Folio | K7: 3 de 12
J9: Saldo inicial | K9: =+Feb!K42 -> 0
D10: INGRESOS (Ventas) | G10: COMPRAS | J10: GASTOS
B11: DÍA | C11: CONCEPTOS DIARIOS | D11: Ventas Gravadas | E11: Ventas Excluidas | F11: Total Ventas | G11: Compras Gravadas | H11: Compras Excluidas | I11: Total Compras | J11: Gastos | K11: SALDO
B12: 1 | F12: =+D12+E12 -> 0 | I12: =+G12+H12 -> 0 | K12: =+K9+F12-I12-J12 -> 0
B13: =B12+1 -> 2 | F13: =+D13+E13 -> 0 | I13: =+G13+H13 -> 0 | K13: =+K12+D13-G13-J13 -> 0
B14: =B13+1 -> 3 | F14: =+D14+E14 -> 0 | I14: =+G14+H14 -> 0 | K14: =+K13+D14-G14-J14 -> 0
B15: =B14+1 -> 4 | F15: =+D15+E15 -> 0 | I15: =+G15+H15 -> 0 | K15: =+K14+D15-G15-J15 -> 0
B16: =B15+1 -> 5 | F16: =+D16+E16 -> 0 | I16: =+G16+H16 -> 0 | K16: =+K15+D16-G16-J16 -> 0
B17: =B16+1 -> 6 | F17: =+D17+E17 -> 0 | I17: =+G17+H17 -> 0 | K17: =+K16+D17-G17-J17 -> 0
B18: =B17+1 -> 7 | F18: =+D18+E18 -> 0 | I18: =+G18+H18 -> 0 | K18: =+K17+D18-G18-J18 -> 0
B19: =B18+1 -> 8 | F19: =+D19+E19 -> 0 | I19: =+G19+H19 -> 0 | K19: =+K18+D19-G19-J19 -> 0
B20: =B19+1 -> 9 | F20: =+D20+E20 -> 0 | I20: =+G20+H20 -> 0 | K20: =+K19+D20-G20-J20 -> 0
B21: =B20+1 -> 10 | F21: =+D21+E21 -> 0 | I21: =+G21+H21 -> 0 | K21: =+K20+D21-G21-J21 -> 0
B22: =B21+1 -> 11 | F22: =+D22+E22 -> 0 | I22: =+G22+H22 -> 0 | K22: =+K21+D22-G22-J22 -> 0
B23: =B22+1 -> 12 | F23: =+D23+E23 -> 0 | I23: =+G23+H23 -> 0 | K23: =+K22+D23-G23-J23 -> 0
B24: =B23+1 -> 13 | F24: =+D24+E24 -> 0 | I24: =+G24+H24 -> 0 | K24: =+K23+D24-G24-J24 -> 0
... B42: =B41+1 -> 31 | F42: =+D42+E42 -> 0 | I42: =+G42+H42 -> 0 | K42: =+K41+D42-G42-J42 -> 0
C44: TOTALES | D44: =SUM(D12:D42) -> 0 | E44: =SUM(E12:E42) -> 0 | F44: =SUM(F12:F42) -> 0 | G44: =SUM(G12:G42) -> 0 | H44: =SUM(H12:H42) -> 0 | I44: =SUM(I12:I42) -> 0 | J44: =SUM(J12:J42) -> 0

Sheet Abr
B1: LIBRO FISCAL DE OPERACIONES DIARIAS
B2: =+Portada!B11 -> 0
B3: =+Portada!B15 -> 0
B4: Nit: | C4: =+Portada!D19 -> 0
D6: AÑO | G6: =+Portada!D22 -> 2026 | J6: MES | K6: ABRIL
J7: Folio | K7: 4 de 12
J9: Saldo inicial | K9: =+Mar!K42 -> 0
D10: INGRESOS (Ventas) | G10: COMPRAS | J10: GASTOS
B11: DÍA | C11: CONCEPTOS DIARIOS | D11: Ventas Gravadas | E11: Ventas Excluidas | F11: Total Ventas | G11: Compras Gravadas | H11: Compras Excluidas | I11: Total Compras | J11: Gastos | K11: SALDO
B12: 1 | D12: 0 | F12: =+D12+E12 -> 0 | I12: =+G12+H12 -> 0 | K12: =+K9+F12-I12-J12 -> 0
B13: =B12+1 -> 2 | F13: =+D13+E13 -> 0 | I13: =+G13+H13 -> 0 | K13: =+K12+D13-G13-J13 -> 0
B14: =B13+1 -> 3 | F14: =+D14+E14 -> 0 | I14: =+G14+H14 -> 0 | K14: =+K13+D14-G14-J14 -> 0
B15: =B14+1 -> 4 | F15: =+D15+E15 -> 0 | I15: =+G15+H15 -> 0 | K15: =+K14+D15-G15-J15 -> 0
B16: =B15+1 -> 5 | F16: =+D16+E16 -> 0 | I16: =+G16+H16 -> 0 | K16: =+K15+D16-G16-J16 -> 0
B17: =B16+1 -> 6 | F17: =+D17+E17 -> 0 | I17: =+G17+H17 -> 0 | K17: =+K16+D17-G17-J17 -> 0
B18: =B17+1 -> 7 | F18: =+D18+E18 -> 0 | I18: =+G18+H18 -> 0 | K18: =+K17+D18-G18-J18 -> 0
B19: =B18+1 -> 8 | F19: =+D19+E19 -> 0 | I19: =+G19+H19 -> 0 | K19: =+K18+D19-G19-J19 -> 0
B20: =B19+1 -> 9 | F20: =+D20+E20 -> 0 | I20: =+G20+H20 -> 0 | K20: =+K19+D20-G20-J20 -> 0
B21: =B20+1 -> 10 | F21: =+D21+E21 -> 0 | I21: =+G21+H21 -> 0 | K21: =+K20+D21-G21-J21 -> 0
B22: =B21+1 -> 11 | F22: =+D22+E22 -> 0 | I22: =+G22+H22 -> 0 | K22: =+K21+D22-G22-J22 -> 0
B23: =B22+1 -> 12 | F23: =+D23+E23 -> 0 | I23: =+G23+H23 -> 0 | K23: =+K22+D23-G23-J23 -> 0
B24: =B23+1 -> 13 | F24: =+D24+E24 -> 0 | I24: =+G24+H24 -> 0 | K24: =+K23+D24-G24-J24 -> 0
... B42: =B41+1 -> 31 | F42: =+D42+E42 -> 0 | I42: =+G42+H42 -> 0 | K42: =+K41+D42-G42-J42 -> 0
C44: TOTALES | D44: =SUM(D12:D42) -> 0 | E44: =SUM(E12:E42) -> 0 | F44: =SUM(F12:F42) -> 0 | G44: =SUM(G12:G42) -> 0 | H44: =SUM(H12:H42) -> 0 | I44: =SUM(I12:I42) -> 0 | J44: =SUM(J12:J42) -> 0

Sheet May
B1: LIBRO FISCAL DE OPERACIONES DIARIAS
B2: =+Portada!B11 -> 0
B3: =+Portada!B15 -> 0
B4: Nit: | C4: =+Portada!D19 -> 0
D6: AÑO | G6: =+Portada!D22 -> 2026 | J6: MES | K6: MAYO
J7: Folio | K7: 5 de 12
J9: Saldo inicial | K9: =+Abr!K42 -> 0
D10: INGRESOS (Ventas) | G10: COMPRAS | J10: GASTOS
B11: DÍA | C11: CONCEPTOS DIARIOS | D11: Ventas Gravadas | E11: Ventas Excluidas | F11: Total Ventas | G11: Compras Gravadas | H11: Compras Excluidas | I11: Total Compras | J11: Gastos | K11: SALDO
B12: 1 | F12: =+D12+E12 -> 0 | I12: =+G12+H12 -> 0 | K12: =+K9+F12-I12-J12 -> 0
B13: =B12+1 -> 2 | F13: =+D13+E13 -> 0 | I13: =+G13+H13 -> 0 | K13: =+K12+D13-G13-J13 -> 0
B14: =B13+1 -> 3 | F14: =+D14+E14 -> 0 | I14: =+G14+H14 -> 0 | K14: =+K13+D14-G14-J14 -> 0
B15: =B14+1 -> 4 | F15: =+D15+E15 -> 0 | I15: =+G15+H15 -> 0 | K15: =+K14+D15-G15-J15 -> 0
B16: =B15+1 -> 5 | F16: =+D16+E16 -> 0 | I16: =+G16+H16 -> 0 | K16: =+K15+D16-G16-J16 -> 0
B17: =B16+1 -> 6 | F17: =+D17+E17 -> 0 | I17: =+G17+H17 -> 0 | K17: =+K16+D17-G17-J17 -> 0
B18: =B17+1 -> 7 | F18: =+D18+E18 -> 0 | I18: =+G18+H18 -> 0 | K18: =+K17+D18-G18-J18 -> 0
B19: =B18+1 -> 8 | F19: =+D19+E19 -> 0 | I19: =+G19+H19 -> 0 | K19: =+K18+D19-G19-J19 -> 0
B20: =B19+1 -> 9 | F20: =+D20+E20 -> 0 | I20: =+G20+H20 -> 0 | K20: =+K19+D20-G20-J20 -> 0
B21: =B20+1 -> 10 | F21: =+D21+E21 -> 0 | I21: =+G21+H21 -> 0 | K21: =+K20+D21-G21-J21 -> 0
B22: =B21+1 -> 11 | F22: =+D22+E22 -> 0 | I22: =+G22+H22 -> 0 | K22: =+K21+D22-G22-J22 -> 0
B23: =B22+1 -> 12 | F23: =+D23+E23 -> 0 | I23: =+G23+H23 -> 0 | K23: =+K22+D23-G23-J23 -> 0
B24: =B23+1 -> 13 | F24: =+D24+E24 -> 0 | I24: =+G24+H24 -> 0 | K24: =+K23+D24-G24-J24 -> 0
... B42: =B41+1 -> 31 | F42: =+D42+E42 -> 0 | I42: =+G42+H42 -> 0 | K42: =+K41+D42-G42-J42 -> 0
C44: TOTALES | D44: =SUM(D12:D42) -> 0 | E44: =SUM(E12:E42) -> 0 | F44: =SUM(F12:F42) -> 0 | G44: =SUM(G12:G42) -> 0 | H44: =SUM(H12:H42) -> 0 | I44: =SUM(I12:I42) -> 0 | J44: =SUM(J12:J42) -> 0

Sheet Jun
B1: LIBRO FISCAL DE OPERACIONES DIARIAS
B2: =+Portada!B11 -> 0
B3: =+Portada!B15 -> 0
B4: Nit: | C4: =+Portada!D19 -> 0
D6: AÑO | G6: =+Portada!D22 -> 2026 | J6: MES | K6: JUNIO
J7: Folio | K7: 6 de 12
J9: Saldo inicial | K9: =+May!K42 -> 0
D10: INGRESOS (Ventas) | G10: COMPRAS | J10: GASTOS
B11: DÍA | C11: CONCEPTOS DIARIOS | D11: Ventas Gravadas | E11: Ventas Excluidas | F11: Total Ventas | G11: Compras Gravadas | H11: Compras Excluidas | I11: Total Compras | J11: Gastos | K11: SALDO
B12: 1 | F12: =+D12+E12 -> 0 | I12: =+G12+H12 -> 0 | K12: =+K9+F12-I12-J12 -> 0
B13: =B12+1 -> 2 | F13: =+D13+E13 -> 0 | I13: =+G13+H13 -> 0 | K13: =+K12+D13-G13-J13 -> 0
B14: =B13+1 -> 3 | F14: =+D14+E14 -> 0 | I14: =+G14+H14 -> 0 | K14: =+K13+D14-G14-J14 -> 0
B15: =B14+1 -> 4 | F15: =+D15+E15 -> 0 | I15: =+G15+H15 -> 0 | K15: =+K14+D15-G15-J15 -> 0
B16: =B15+1 -> 5 | F16: =+D16+E16 -> 0 | I16: =+G16+H16 -> 0 | K16: =+K15+D16-G16-J16 -> 0
B17: =B16+1 -> 6 | F17: =+D17+E17 -> 0 | I17: =+G17+H17 -> 0 | K17: =+K16+D17-G17-J17 -> 0
B18: =B17+1 -> 7 | F18: =+D18+E18 -> 0 | I18: =+G18+H18 -> 0 | K18: =+K17+D18-G18-J18 -> 0
B19: =B18+1 -> 8 | F19: =+D19+E19 -> 0 | I19: =+G19+H19 -> 0 | K19: =+K18+D19-G19-J19 -> 0
B20: =B19+1 -> 9 | F20: =+D20+E20 -> 0 | I20: =+G20+H20 -> 0 | K20: =+K19+D20-G20-J20 -> 0
B21: =B20+1 -> 10 | F21: =+D21+E21 -> 0 | I21: =+G21+H21 -> 0 | K21: =+K20+D21-G21-J21 -> 0
B22: =B21+1 -> 11 | F22: =+D22+E22 -> 0 | I22: =+G22+H22 -> 0 | K22: =+K21+D22-G22-J22 -> 0
B23: =B22+1 -> 12 | F23: =+D23+E23 -> 0 | I23: =+G23+H23 -> 0 | K23: =+K22+D23-G23-J23 -> 0
B24: =B23+1 -> 13 | F24: =+D24+E24 -> 0 | I24: =+G24+H24 -> 0 | K24: =+K23+D24-G24-J24 -> 0
... B42: =B41+1 -> 31 | F42: =+D42+E42 -> 0 | I42: =+G42+H42 -> 0 | K42: =+K41+D42-G42-J42 -> 0
C44: TOTALES | D44: =SUM(D12:D42) -> 0 | E44: =SUM(E12:E42) -> 0 | F44: =SUM(F12:F42) -> 0 | G44: =SUM(G12:G42) -> 0 | H44: =SUM(H12:H42) -> 0 | I44: =SUM(I12:I42) -> 0 | J44: =SUM(J12:J42) -> 0

Sheet Jul
B1: LIBRO FISCAL DE OPERACIONES DIARIAS
B2: =+Portada!B11 -> 0
B3: =+Portada!B15 -> 0
B4: Nit: | C4: =+Portada!D19 -> 0
D6: AÑO | G6: =+Portada!D22 -> 2026 | J6: MES | K6: JULIO
J7: Folio | K7: 7 de 12
J9: Saldo inicial | K9: =+Jun!K42 -> 0
D10: INGRESOS (Ventas) | G10: COMPRAS | J10: GASTOS
B11: DÍA | C11: CONCEPTOS DIARIOS | D11: Ventas Gravadas | E11: Ventas Excluidas | F11: Total Ventas | G11: Compras Gravadas | H11: Compras Excluidas | I11: Total Compras | J11: Gastos | K11: SALDO
B12: 1 | F12: =+D12+E12 -> 0 | I12: =+G12+H12 -> 0 | K12: =+K9+F12-I12-J12 -> 0
B13: =B12+1 -> 2 | F13: =+D13+E13 -> 0 | I13: =+G13+H13 -> 0 | K13: =+K12+D13-G13-J13 -> 0
B14: =B13+1 -> 3 | F14: =+D14+E14 -> 0 | I14: =+G14+H14 -> 0 | K14: =+K13+D14-G14-J14 -> 0
B15: =B14+1 -> 4 | F15: =+D15+E15 -> 0 | I15: =+G15+H15 -> 0 | K15: =+K14+D15-G15-J15 -> 0
B16: =B15+1 -> 5 | F16: =+D16+E16 -> 0 | I16: =+G16+H16 -> 0 | K16: =+K15+D16-G16-J16 -> 0
B17: =B16+1 -> 6 | F17: =+D17+E17 -> 0 | I17: =+G17+H17 -> 0 | K17: =+K16+D17-G17-J17 -> 0
B18: =B17+1 -> 7 | F18: =+D18+E18 -> 0 | I18: =+G18+H18 -> 0 | K18: =+K17+D18-G18-J18 -> 0
B19: =B18+1 -> 8 | F19: =+D19+E19 -> 0 | I19: =+G19+H19 -> 0 | K19: =+K18+D19-G19-J19 -> 0
B20: =B19+1 -> 9 | F20: =+D20+E20 -> 0 | I20: =+G20+H20 -> 0 | K20: =+K19+D20-G20-J20 -> 0
B21: =B20+1 -> 10 | F21: =+D21+E21 -> 0 | I21: =+G21+H21 -> 0 | K21: =+K20+D21-G21-J21 -> 0
B22: =B21+1 -> 11 | F22: =+D22+E22 -> 0 | I22: =+G22+H22 -> 0 | K22: =+K21+D22-G22-J22 -> 0
B23: =B22+1 -> 12 | F23: =+D23+E23 -> 0 | I23: =+G23+H23 -> 0 | K23: =+K22+D23-G23-J23 -> 0
B24: =B23+1 -> 13 | F24: =+D24+E24 -> 0 | I24: =+G24+H24 -> 0 | K24: =+K23+D24-G24-J24 -> 0
... B42: =B41+1 -> 31 | F42: =+D42+E42 -> 0 | I42: =+G42+H42 -> 0 | K42: =+K41+D42-G42-J42 -> 0
C44: TOTALES | D44: =SUM(D12:D42) -> 0 | E44: =SUM(E12:E42) -> 0 | F44: =SUM(F12:F42) -> 0 | G44: =SUM(G12:G42) -> 0 | H44: =SUM(H12:H42) -> 0 | I44: =SUM(I12:I42) -> 0 | J44: =SUM(J12:J42) -> 0

Sheet Ago
B1: LIBRO FISCAL DE OPERACIONES DIARIAS
B2: =+Portada!B11 -> 0
B3: =+Portada!B15 -> 0
B4: Nit: | C4: =+Portada!D19 -> 0
D6: AÑO | G6: =+Portada!D22 -> 2026 | J6: MES | K6: AGOSTO
J7: Folio | K7: 8 de 12
J9: Saldo inicial | K9: =+Jul!K42 -> 0
D10: INGRESOS (Ventas) | G10: COMPRAS | J10: GASTOS
B11: DÍA | C11: CONCEPTOS DIARIOS | D11: Ventas Gravadas | E11: Ventas Excluidas | F11: Total Ventas | G11: Compras Gravadas | H11: Compras Excluidas | I11: Total Compras | J11: Gastos | K11: SALDO
B12: 1 | F12: =+D12+E12 -> 0 | I12: =+G12+H12 -> 0 | K12: =+K9+F12-I12-J12 -> 0
B13: =B12+1 -> 2 | F13: =+D13+E13 -> 0 | I13: =+G13+H13 -> 0 | K13: =+K12+D13-G13-J13 -> 0
B14: =B13+1 -> 3 | F14: =+D14+E14 -> 0 | I14: =+G14+H14 -> 0 | K14: =+K13+D14-G14-J14 -> 0
B15: =B14+1 -> 4 | F15: =+D15+E15 -> 0 | I15: =+G15+H15 -> 0 | K15: =+K14+D15-G15-J15 -> 0
B16: =B15+1 -> 5 | F16: =+D16+E16 -> 0 | I16: =+G16+H16 -> 0 | K16: =+K15+D16-G16-J16 -> 0
B17: =B16+1 -> 6 | F17: =+D17+E17 -> 0 | I17: =+G17+H17 -> 0 | K17: =+K16+D17-G17-J17 -> 0
B18: =B17+1 -> 7 | F18: =+D18+E18 -> 0 | I18: =+G18+H18 -> 0 | K18: =+K17+D18-G18-J18 -> 0
B19: =B18+1 -> 8 | F19: =+D19+E19 -> 0 | I19: =+G19+H19 -> 0 | K19: =+K18+D19-G19-J19 -> 0
B20: =B19+1 -> 9 | F20: =+D20+E20 -> 0 | I20: =+G20+H20 -> 0 | K20: =+K19+D20-G20-J20 -> 0
B21: =B20+1 -> 10 | F21: =+D21+E21 -> 0 | I21: =+G21+H21 -> 0 | K21: =+K20+D21-G21-J21 -> 0
B22: =B21+1 -> 11 | F22: =+D22+E22 -> 0 | I22: =+G22+H22 -> 0 | K22: =+K21+D22-G22-J22 -> 0
B23: =B22+1 -> 12 | F23: =+D23+E23 -> 0 | I23: =+G23+H23 -> 0 | K23: =+K22+D23-G23-J23 -> 0
B24: =B23+1 -> 13 | F24: =+D24+E24 -> 0 | I24: =+G24+H24 -> 0 | K24: =+K23+D24-G24-J24 -> 0
... B42: =B41+1 -> 31 | F42: =+D42+E42 -> 0 | I42: =+G42+H42 -> 0 | K42: =+K41+D42-G42-J42 -> 0
C44: TOTALES | D44: =SUM(D12:D42) -> 0 | E44: =SUM(E12:E42) -> 0 | F44: =SUM(F12:F42) -> 0 | G44: =SUM(G12:G42) -> 0 | H44: =SUM(H12:H42) -> 0 | I44: =SUM(I12:I42) -> 0 | J44: =SUM(J12:J42) -> 0

Sheet Sep
B1: LIBRO FISCAL DE OPERACIONES DIARIAS
B2: =+Portada!B11 -> 0
B3: =+Portada!B15 -> 0
B4: Nit: | C4: =+Portada!D19 -> 0
D6: AÑO | G6: =+Portada!D22 -> 2026 | J6: MES | K6: SEPTIEMBRE
J7: Folio | K7: 9 de 12
J9: Saldo inicial | K9: =+Ago!K42 -> 0
D10: INGRESOS (Ventas) | G10: COMPRAS | J10: GASTOS
B11: DÍA | C11: CONCEPTOS DIARIOS | D11: Ventas Gravadas | E11: Ventas Excluidas | F11: Total Ventas | G11: Compras Gravadas | H11: Compras Excluidas | I11: Total Compras | J11: Gastos | K11: SALDO
B12: 1 | F12: =+D12+E12 -> 0 | I12: =+G12+H12 -> 0 | K12: =+K9+F12-I12-J12 -> 0
B13: =B12+1 -> 2 | F13: =+D13+E13 -> 0 | I13: =+G13+H13 -> 0 | K13: =+K12+D13-G13-J13 -> 0
B14: =B13+1 -> 3 | F14: =+D14+E14 -> 0 | I14: =+G14+H14 -> 0 | K14: =+K13+D14-G14-J14 -> 0
B15: =B14+1 -> 4 | F15: =+D15+E15 -> 0 | I15: =+G15+H15 -> 0 | K15: =+K14+D15-G15-J15 -> 0
B16: =B15+1 -> 5 | F16: =+D16+E16 -> 0 | I16: =+G16+H16 -> 0 | K16: =+K15+D16-G16-J16 -> 0
B17: =B16+1 -> 6 | F17: =+D17+E17 -> 0 | I17: =+G17+H17 -> 0 | K17: =+K16+D17-G17-J17 -> 0
B18: =B17+1 -> 7 | F18: =+D18+E18 -> 0 | I18: =+G18+H18 -> 0 | K18: =+K17+D18-G18-J18 -> 0
B19: =B18+1 -> 8 | F19: =+D19+E19 -> 0 | I19: =+G19+H19 -> 0 | K19: =+K18+D19-G19-J19 -> 0
B20: =B19+1 -> 9 | F20: =+D20+E20 -> 0 | I20: =+G20+H20 -> 0 | K20: =+K19+D20-G20-J20 -> 0
B21: =B20+1 -> 10 | F21: =+D21+E21 -> 0 | I21: =+G21+H21 -> 0 | K21: =+K20+D21-G21-J21 -> 0
B22: =B21+1 -> 11 | F22: =+D22+E22 -> 0 | I22: =+G22+H22 -> 0 | K22: =+K21+D22-G22-J22 -> 0
B23: =B22+1 -> 12 | F23: =+D23+E23 -> 0 | I23: =+G23+H23 -> 0 | K23: =+K22+D23-G23-J23 -> 0
B24: =B23+1 -> 13 | F24: =+D24+E24 -> 0 | I24: =+G24+H24 -> 0 | K24: =+K23+D24-G24-J24 -> 0
... B42: =B41+1 -> 31 | F42: =+D42+E42 -> 0 | I42: =+G42+H42 -> 0 | K42: =+K41+D42-G42-J42 -> 0
C44: TOTALES | D44: =SUM(D12:D42) -> 0 | E44: =SUM(E12:E42) -> 0 | F44: =SUM(F12:F42) -> 0 | G44: =SUM(G12:G42) -> 0 | H44: =SUM(H12:H42) -> 0 | I44: =SUM(I12:I42) -> 0 | J44: =SUM(J12:J42) -> 0

Sheet Oct
B1: LIBRO FISCAL DE OPERACIONES DIARIAS
B2: =+Portada!B11 -> 0
B3: =+Portada!B15 -> 0
B4: Nit: | C4: =+Portada!D19 -> 0
D6: AÑO | G6: =+Portada!D22 -> 2026 | J6: MES | K6: OCTUBRE
J7: Folio | K7: 10 de 12
J9: Saldo inicial | K9: =+Sep!K42 -> 0
D10: INGRESOS (Ventas) | G10: COMPRAS | J10: GASTOS
B11: DÍA | C11: CONCEPTOS DIARIOS | D11: Ventas Gravadas | E11: Ventas Excluidas | F11: Total Ventas | G11: Compras Gravadas | H11: Compras Excluidas | I11: Total Compras | J11: Gastos | K11: SALDO
B12: 1 | F12: =+D12+E12 -> 0 | I12: =+G12+H12 -> 0 | K12: =+K9+F12-I12-J12 -> 0
B13: =B12+1 -> 2 | F13: =+D13+E13 -> 0 | I13: =+G13+H13 -> 0 | K13: =+K12+D13-G13-J13 -> 0
B14: =B13+1 -> 3 | F14: =+D14+E14 -> 0 | I14: =+G14+H14 -> 0 | K14: =+K13+D14-G14-J14 -> 0
B15: =B14+1 -> 4 | F15: =+D15+E15 -> 0 | I15: =+G15+H15 -> 0 | K15: =+K14+D15-G15-J15 -> 0
B16: =B15+1 -> 5 | F16: =+D16+E16 -> 0 | I16: =+G16+H16 -> 0 | K16: =+K15+D16-G16-J16 -> 0
B17: =B16+1 -> 6 | F17: =+D17+E17 -> 0 | I17: =+G17+H17 -> 0 | K17: =+K16+D17-G17-J17 -> 0
B18: =B17+1 -> 7 | F18: =+D18+E18 -> 0 | I18: =+G18+H18 -> 0 | K18: =+K17+D18-G18-J18 -> 0
B19: =B18+1 -> 8 | F19: =+D19+E19 -> 0 | I19: =+G19+H19 -> 0 | K19: =+K18+D19-G19-J19 -> 0
B20: =B19+1 -> 9 | F20: =+D20+E20 -> 0 | I20: =+G20+H20 -> 0 | K20: =+K19+D20-G20-J20 -> 0
B21: =B20+1 -> 10 | F21: =+D21+E21 -> 0 | I21: =+G21+H21 -> 0 | K21: =+K20+D21-G21-J21 -> 0
B22: =B21+1 -> 11 | F22: =+D22+E22 -> 0 | I22: =+G22+H22 -> 0 | K22: =+K21+D22-G22-J22 -> 0
B23: =B22+1 -> 12 | F23: =+D23+E23 -> 0 | I23: =+G23+H23 -> 0 | K23: =+K22+D23-G23-J23 -> 0
B24: =B23+1 -> 13 | F24: =+D24+E24 -> 0 | I24: =+G24+H24 -> 0 | K24: =+K23+D24-G24-J24 -> 0
... B42: =B41+1 -> 31 | F42: =+D42+E42 -> 0 | I42: =+G42+H42 -> 0 | K42: =+K41+D42-G42-J42 -> 0
C44: TOTALES | D44: =SUM(D12:D42) -> 0 | E44: =SUM(E12:E42) -> 0 | F44: =SUM(F12:F42) -> 0 | G44: =SUM(G12:G42) -> 0 | H44: =SUM(H12:H42) -> 0 | I44: =SUM(I12:I42) -> 0 | J44: =SUM(J12:J42) -> 0

Sheet Nov
B1: LIBRO FISCAL DE OPERACIONES DIARIAS
B2: =+Portada!B11 -> 0
B3: =+Portada!B15 -> 0
B4: Nit: | C4: =+Portada!D19 -> 0
D6: AÑO | G6: =+Portada!D22 -> 2026 | J6: MES | K6: NOVIEMBRE
J7: Folio | K7: 11 de 12
J9: Saldo inicial | K9: =+Oct!K42 -> 0
D10: INGRESOS (Ventas) | G10: COMPRAS | J10: GASTOS
B11: DÍA | C11: CONCEPTOS DIARIOS | D11: Ventas Gravadas | E11: Ventas Excluidas | F11: Total Ventas | G11: Compras Gravadas | H11: Compras Excluidas | I11: Total Compras | J11: Gastos | K11: SALDO
B12: 1 | F12: =+D12+E12 -> 0 | I12: =+G12+H12 -> 0 | K12: =+K9+F12-I12-J12 -> 0
B13: =B12+1 -> 2 | F13: =+D13+E13 -> 0 | I13: =+G13+H13 -> 0 | K13: =+K12+D13-G13-J13 -> 0
B14: =B13+1 -> 3 | F14: =+D14+E14 -> 0 | I14: =+G14+H14 -> 0 | K14: =+K13+D14-G14-J14 -> 0
B15: =B14+1 -> 4 | F15: =+D15+E15 -> 0 | I15: =+G15+H15 -> 0 | K15: =+K14+D15-G15-J15 -> 0
B16: =B15+1 -> 5 | F16: =+D16+E16 -> 0 | I16: =+G16+H16 -> 0 | K16: =+K15+D16-G16-J16 -> 0
B17: =B16+1 -> 6 | F17: =+D17+E17 -> 0 | I17: =+G17+H17 -> 0 | K17: =+K16+D17-G17-J17 -> 0
B18: =B17+1 -> 7 | F18: =+D18+E18 -> 0 | I18: =+G18+H18 -> 0 | K18: =+K17+D18-G18-J18 -> 0
B19: =B18+1 -> 8 | F19: =+D19+E19 -> 0 | I19: =+G19+H19 -> 0 | K19: =+K18+D19-G19-J19 -> 0
B20: =B19+1 -> 9 | F20: =+D20+E20 -> 0 | I20: =+G20+H20 -> 0 | K20: =+K19+D20-G20-J20 -> 0
B21: =B20+1 -> 10 | F21: =+D21+E21 -> 0 | I21: =+G21+H21 -> 0 | K21: =+K20+D21-G21-J21 -> 0
B22: =B21+1 -> 11 | F22: =+D22+E22 -> 0 | I22: =+G22+H22 -> 0 | K22: =+K21+D22-G22-J22 -> 0
B23: =B22+1 -> 12 | F23: =+D23+E23 -> 0 | I23: =+G23+H23 -> 0 | K23: =+K22+D23-G23-J23 -> 0
B24: =B23+1 -> 13 | F24: =+D24+E24 -> 0 | I24: =+G24+H24 -> 0 | K24: =+K23+D24-G24-J24 -> 0
... B42: =B41+1 -> 31 | F42: =+D42+E42 -> 0 | I42: =+G42+H42 -> 0 | K42: =+K41+D42-G42-J42 -> 0
C44: TOTALES | D44: =SUM(D12:D42) -> 0 | E44: =SUM(E12:E42) -> 0 | F44: =SUM(F12:F42) -> 0 | G44: =SUM(G12:G42) -> 0 | H44: =SUM(H12:H42) -> 0 | I44: =SUM(I12:I42) -> 0 | J44: =SUM(J12:J42) -> 0

Sheet Dic
B1: LIBRO FISCAL DE OPERACIONES DIARIAS
B2: =+Portada!B11 -> 0
B3: =+Portada!B15 -> 0
B4: Nit: | C4: =+Portada!D19 -> 0
D6: AÑO | G6: =+Portada!D22 -> 2026 | J6: MES | K6: DICIEMBRE
J7: Folio | K7: 12 de 12
J9: Saldo inicial | K9: =+Nov!K42 -> 0
D10: INGRESOS (Ventas) | G10: COMPRAS | J10: GASTOS
B11: DÍA | C11: CONCEPTOS DIARIOS | D11: Ventas Gravadas | E11: Ventas Excluidas | F11: Total Ventas | G11: Compras Gravadas | H11: Compras Excluidas | I11: Total Compras | J11: Gastos | K11: SALDO
B12: 1 | F12: =+D12+E12 -> 0 | I12: =+G12+H12 -> 0 | K12: =+K9+F12-I12-J12 -> 0
B13: =B12+1 -> 2 | F13: =+D13+E13 -> 0 | I13: =+G13+H13 -> 0 | K13: =+K12+D13-G13-J13 -> 0
B14: =B13+1 -> 3 | F14: =+D14+E14 -> 0 | I14: =+G14+H14 -> 0 | K14: =+K13+D14-G14-J14 -> 0
B15: =B14+1 -> 4 | F15: =+D15+E15 -> 0 | I15: =+G15+H15 -> 0 | K15: =+K14+D15-G15-J15 -> 0
B16: =B15+1 -> 5 | F16: =+D16+E16 -> 0 | I16: =+G16+H16 -> 0 | K16: =+K15+D16-G16-J16 -> 0
B17: =B16+1 -> 6 | F17: =+D17+E17 -> 0 | I17: =+G17+H17 -> 0 | K17: =+K16+D17-G17-J17 -> 0
B18: =B17+1 -> 7 | F18: =+D18+E18 -> 0 | I18: =+G18+H18 -> 0 | K18: =+K17+D18-G18-J18 -> 0
B19: =B18+1 -> 8 | F19: =+D19+E19 -> 0 | I19: =+G19+H19 -> 0 | K19: =+K18+D19-G19-J19 -> 0
B20: =B19+1 -> 9 | F20: =+D20+E20 -> 0 | I20: =+G20+H20 -> 0 | K20: =+K19+D20-G20-J20 -> 0
B21: =B20+1 -> 10 | F21: =+D21+E21 -> 0 | I21: =+G21+H21 -> 0 | K21: =+K20+D21-G21-J21 -> 0
B22: =B21+1 -> 11 | F22: =+D22+E22 -> 0 | I22: =+G22+H22 -> 0 | K22: =+K21+D22-G22-J22 -> 0
B23: =B22+1 -> 12 | F23: =+D23+E23 -> 0 | I23: =+G23+H23 -> 0 | K23: =+K22+D23-G23-J23 -> 0
B24: =B23+1 -> 13 | F24: =+D24+E24 -> 0 | I24: =+G24+H24 -> 0 | K24: =+K23+D24-G24-J24 -> 0
... B42: =B41+1 -> 31 | F42: =+D42+E42 -> 0 | I42: =+G42+H42 -> 0 | K42: =+K41+D42-G42-J42 -> 0
C44: TOTALES | D44: =SUM(D12:D42) -> 0 | E44: =SUM(E12:E42) -> 0 | F44: =SUM(F12:F42) -> 0 | G44: =SUM(G12:G42) -> 0 | H44: =SUM(H12:H42) -> 0 | I44: =SUM(I12:I42) -> 0 | J44: =SUM(J12:J42) -> 0
